 Dungeon Crawl Stone Soup version 0.31-a0-344-gd109795599 (webtiles) character file.

Game seed: 8524055682570198817

285 derpindaisy the Slasher (level 6, 0/49 HPs)
             Began as a Demonspawn Berserker on July 21, 2023.
             Was a Believer of Trog.
             Slain by a scorpion (7 damage)
             ... on level 4 of the Dungeon.
             The game lasted 00:03:42 (2720 turns).

derpindaisy the Slasher (Demonspawn Berserker)      Turns: 2720, Time: 00:03:43

Health: 0/49       AC:  3    Str: 19    XL:     6   Next: 7%
Magic:  6/6        EV: 14    Int: 12    God:    Trog [**....]
Gold:   253        SH:  0    Dex: 11    Spells: 5/5 levels left

rFire   . . .        a - +1 falchion
rCold   . . .        (no shield)
rNeg    . . .        b - +0 animal skin
rPois   .            (no helmet)
rElec   .            (no cloak)
rCorr   .            (no gloves)
SInv    .            e - +0 pair of boots
Will    .....        (no amulet)
Stlth   +            (no ring)
HPRegen 0.28/turn    (no ring)
MPRegen 0.10/turn

%: no passive effects
@: lethally poisoned (0 -> -8)
A: claws 2, repulsion field 1, ignite blood 1, clever 1, MP-powered wands
a: Renounce Religion, Berserk, Trog's Hand


You were on level 4 of the Dungeon.
You worshipped Trog.
Trog was pleased with you.
You visited 1 branch of the dungeon, and saw 4 of its levels.

You collected 253 gold pieces.

Inventory:

Hand Weapons
 a - a +1 falchion (weapon)
Armour
 b - a +0 animal skin (worn)
 e - a +0 pair of boots (worn)
Jewellery
 c - a ring of positive energy
 f - an amulet of faith
 k - a ring of ice
Scrolls
 d - 4 scrolls of identify
Potions
 g - a potion of heal wounds {unknown}
 h - a potion of berserk rage {unknown}


   Skills:
 + Level 4.4 Fighting
 + Level 4.6 Long Blades
 + Level 1.9 Armour
 + Level 2.9 Dodging
 + Level 1.1 Stealth


You had 5 spell levels left.
You didn't know any spells.
Your spell library was empty.

Dungeon Overview and Level Annotations

Branches:
Dungeon (4/15)
 Temple: D:4-7

Altars:


Innate Abilities, Weirdness & Mutations

You have very sharp fingernails.
You are surrounded by a mild repulsion field. (EV +2)
Your demonic aura sometimes causes spilled blood to erupt in flames.
Your mind is acute. (Int +4, Str/Dex -1)
You expend magic power (3 MP) to strengthen your wands.


Message History

The scorpion is lightly wounded.
You feel very sick. The scorpion completely misses you.
You barely miss the scorpion.
The scorpion is lightly wounded.
You feel very sick. The scorpion completely misses you.
You hit the scorpion.
The scorpion is moderately wounded.
You feel sick. The scorpion closely misses you. The scorpion misses you.
You hit the scorpion.
The scorpion is moderately wounded.
You feel sick. The scorpion stings you!
You hit the scorpion.
You claw the scorpion, but do no damage.
The scorpion is heavily wounded.
You feel sick. The scorpion closely misses you.
You hit the scorpion.
The scorpion is almost dead.
You feel sick. The scorpion stings you!
You are too injured to fight recklessly!
You are too injured to fight recklessly!
You are too injured to fight recklessly!
You are too injured to fight recklessly!
You hit the scorpion but do no damage.
The scorpion is almost dead.
You feel sick. The scorpion stings you.
You are more poisoned.
The scorpion poisons you! The scorpion closely misses you.
You barely miss the scorpion.
The scorpion is almost dead.
You feel very sick. The scorpion stings you.
* * * LOW HITPOINT WARNING * * *
You closely miss the scorpion.
The scorpion is almost dead.
* * * LOW HITPOINT WARNING * * *
You feel very sick. The scorpion stings you!
You die...

##'######## #..........
#.......... #..........
####.######## #......#
#.##.#.# #
#.##...##############
###.##.####.....@s....#
..#.##.# #.#########$#
....##.# #.#
##.....####.#
#####.......#
######..##### ##.....>#
##.###### ##.#


You could see a scorpion.

Vanquished Creatures
  A water moccasin (D:3)
  A howler monkey (D:4)
  A hound (D:4)
  Jessica (D:2)
  An iguana (D:3)
  An adder (D:4)
  An ufetubus (D:4)
  2 worms
  2 dart slugs
  2 bats
  5 endoplasms
  A giant cockroach (D:4)
  3 goblins
  5 hobgoblins
  4 kobolds
  5 ball pythons
  A frilled lizard (D:3)
  2 rats
39 creatures vanquished.

Notes
Turn   | Place    | Note
-------+----------+-------------------------------------------
     0 | D:1      | derpindaisy the Demonspawn Berserker began the quest for
                  | the Orb.
     0 | D:1      | Reached XP level 1. HP: 18/18 MP: 1/1
   303 | D:1      | You fall into a shaft and drop 1 floor!
   344 | D:2      | Gained mutation: Your demonic aura sometimes causes spilled
                  | blood to erupt in flames. [demonic ancestry]
   344 | D:2      | Reached XP level 2. HP: 22/24 MP: 2/2
   513 | D:2      | Noticed Jessica
   526 | D:2      | Killed Jessica
   527 | D:2      | Reached XP level 3. HP: 14/29 MP: 3/3
  1181 | D:2      | Gained mutation: Your mind is acute. (Int +4, Str/Dex -1)
                  | [potion of mutation]
  1181 | D:2      | Gained mutation: You expend magic power (3 MP) to
                  | strengthen your wands. [potion of mutation]
  1434 | D:3      | Gained mutation: You have sharp fingernails. [demonic
                  | ancestry]
  1434 | D:3      | Reached XP level 4. HP: 26/37 MP: 4/4
  1694 | D:3      | Reached ** piety under Trog
  1842 | D:3      | Noticed a water moccasin
  1851 | D:3      | Killed a water moccasin
  1852 | D:3      | Gained mutation: You have very sharp fingernails. [demonic
                  | ancestry]
  1852 | D:3      | Reached XP level 5. HP: 42/42 MP: 5/5
  2208 | D:4      | Reached skill level 1 in Stealth
  2602 | D:4      | Gained mutation: You are surrounded by a mild repulsion
                  | field. (EV +2) [demonic ancestry]
  2602 | D:4      | Reached XP level 6. HP: 44/49 MP: 6/6
  2720 | D:4      | Slain by a scorpion

Illustrated notes

Levels and vault maps discovered:
D:1:      dpeg_arrival_yet_another_circle, layout_basic, serial_bayou_crossing
D:2:      layout_loops_ring, uniq_jessica
D:3:      layout_loops_ring, glass_columns_c
D:4:      layout_basic

Skill      XL: |  1  2  3  4  5 |
---------------+----------------+-----
Long Blades    | 3 4 |  4.6
Dodging        | 2 |  2.9
Fighting       | 4 |  4.4
Stealth        | 1 |  1.1
Armour         | |  1.9

Action                     |  1- 3 |  4- 6 || total
---------------------------+-------+-------++-------
  Melee: Falchion          |    58 |    88 ||   146
         Punch             |     1 |     1 ||     2
 Invoke: Berserk           |       |     2 ||     2
    Use: Scroll            |     3 |     1 ||     4
         Potion            |     3 |       ||     3
   Stab: Sleeping          |       |     2 ||     2
 Armour: Animal skin       |     8 |    18 ||    26
  Dodge: Dodged            |    21 |    52 ||    73

Table legend: (Time is in decaauts)
 A = Elapsed time spent in this place.
 B = Non-inter-level travel time spent in this place.
 C = Inter-level travel time spent in this place.
 D = Time resting spent in this place.
 E = Time spent auto-exploring this place.
 F = Levels seen in this place.
 G = Mean time per level.
                   A        B        C        D        E       F      G
               +--------+--------+--------+--------+--------+-----+--------+
         Total |   2750 |   2700 |     50 |    502 |   1822 |   4 |  687.5 |
       Dungeon |   2750 |   2700 |     50 |    502 |   1822 |   4 |  687.5 |
               +--------+--------+--------+--------+--------+-----+--------+

Top non-repeatable levels by time:
     D:2: 921 daAuts
     D:3: 856 daAuts
     D:4: 667 daAuts
     D:1: 305 daAuts
